 Dungeon Crawl Stone Soup version 0.29-a0-214-g17f627cfee (webtiles) character file.

Game seed: 2002012980106169801

41 sammy202020 the Skirmisher (level 3, 29/29 HPs)
             Began as a Demonspawn Berserker on Feb 25, 2022.
             Was a Believer of Trog.
             Quit the game on level 1 of the Dungeon.
             The game lasted 00:02:55 (796 turns).

sammy202020 the Skirmisher (Demonspawn Berserker)    Turns: 796, Time: 00:02:56

Health: 29/29      AC:  4    Str: 17    XL:     3   Next: 32%
Magic:  3/3        EV: 12    Int:  8    God:    Trog [**....]
Gold:   53         SH:  0    Dex: 14    Spells: 2/2 levels left

rFire   . . .      SeeInvis .   a - +1 short sword
rCold   . . .      Faith    .   (no shield)
rNeg    . . .      Spirit   .   b - +0 animal skin
rPois   .          Reflect  .   (no helmet)
rElec   .          Harm     .   (no cloak)
rCorr   .          Rampage  .   (no gloves)
Will    .....                   (no boots)
Stlth   +.........              (no amulet)
HPRegen 0.09/turn               (no ring)
MPRegen 0.08/turn               (no ring)

@: no status effects
A: slimy green scales 1
a: Renounce Religion, Berserk, Trog's Hand


You were on level 1 of the Dungeon.
You worshipped Trog.
Trog was pleased with you.
You visited 1 branch of the dungeon, and saw 1 of its levels.

You collected 53 gold pieces.

Inventory:

Hand Weapons
 a - a +1 short sword (weapon)
Armour
 b - a +0 animal skin (worn)
Scrolls
 c - a scroll of torment {unknown}
 e - a scroll of identify {unknown}
Potions
 d - a potion of haste {unknown}


   Skills:
 + Level 3.3 Fighting
 + Level 3.0 Short Blades
 + Level 2.3 Armour
 + Level 2.3 Dodging


You had 2 spell levels left.
You didn't know any spells.
Your spell library was empty.

Dungeon Overview and Level Annotations

Branches:
Dungeon (1/15)

Altars:


Innate Abilities, Weirdness & Mutations

You are partially covered in slimy green scales. (AC +2)


Message History

You see here a quokka corpse.
You see here a ball python corpse.
You see here a rat corpse.
There is a stone staircase leading down here.
A ball python comes into view.
The ball python hisses angrily.
A ball python is nearby!
You barely miss the ball python. The ball python closely misses you.
The ball python barely misses you.
You barely miss the ball python. The ball python closely misses you. x2
You hit the ball python.
You kill the ball python!
Trog accepts your kill.
No target in view!
You see here a ball python corpse.
A ball python comes into view.
A ball python is nearby!
A goblin comes into view. It is wielding a +0 dagger.
The ball python hisses angrily.
The goblin shouts!
The ball python closely misses you. The ball python barely misses you.
You puncture the ball python!
You kill the ball python!
Trog accepts your kill.
You barely miss the goblin. The goblin closely misses you.
You hit the goblin but do no damage. The goblin completely misses you.
You hit the goblin.
You kill the goblin!
Trog accepts your kill.
No target in view!
You see here a +0 dagger.
Found a scale mail.
You see here a +0 scale mail.
Found a club.
Unknown command.
You see here a +0 scale mail.
Unknown command.
Unknown command.
Unknown command.
Are you sure you want to abandon this character and quit the game? (Confirm with "yes".)

##.#)#.# #...#.#
##..#.#
####..#.##########
#.....#..........#
#.##############.#
#.#.........#..#.#
#.#.#######.#†.#.#
#@#.# #.##.#.#
#.#.# #....#.#
#.#.############.#
#.#....(.††......#
#.################
#.# #..).....
#########


There were no monsters in sight!

Vanquished Creatures
  A gnoll (D:1)
  A dart slug (D:1)
  2 bats (D:1)
  A giant cockroach (D:1)
  2 goblins (D:1)
  4 hobgoblins (D:1)
  2 quokkas (D:1)
  8 ball pythons (D:1)
  3 frilled lizards (D:1)
  A kobold (D:1)
  6 rats (D:1)
31 creatures vanquished.

Notes
Turn   | Place    | Note
-------+----------+-------------------------------------------
     0 | D:1      | sammy202020 the Demonspawn Berserker began the quest for
                  | the Orb.
     0 | D:1      | Reached XP level 1. HP: 18/18 MP: 1/1
   113 | D:1      | Gained mutation: You are partially covered in slimy green
                  | scales. (AC +2) [demonic ancestry]
   113 | D:1      | Reached XP level 2. HP: 24/24 MP: 2/2
   443 | D:1      | Reached XP level 3. HP: 29/29 MP: 3/3
   597 | D:1      | Reached ** piety under Trog
   796 | D:1      | Quit the game

Illustrated notes

Levels and vault maps discovered:
D:1:      dpeg_arrival_simpleton_b, layout_basic

Skill      XL: |  1  2 |
---------------+-------+-----
Armour         | 2 |  2.3
Dodging        | 2 |  2.3
Short Blades   | 3 |  3.0
Fighting       | |  3.3

Action                   || total
-------------------------++-------
Melee: Short sword       ||    75
       Punch             ||     1
Invok: Berserk           ||     1
  Use: Scroll            ||     2
 Stab: Sleeping          ||     1
Armor: Animal skin       ||    27
Dodge: Dodged            ||    61

Table legend: (Time is in decaauts)
 A = Elapsed time spent in this place.
 B = Non-inter-level travel time spent in this place.
 C = Inter-level travel time spent in this place.
 D = Time resting spent in this place.
 E = Time spent auto-exploring this place.
 F = Levels seen in this place.
 G = Mean time per level.
                   A        B        C        D        E       F      G
               +--------+--------+--------+--------+--------+-----+--------+
         Total |    803 |    803 |      0 |      0 |    618 |   1 |  803.0 |
       Dungeon |    803 |    803 |      0 |      0 |    618 |   1 |  803.0 |
               +--------+--------+--------+--------+--------+-----+--------+

Top non-repeatable levels by time:
     D:1: 803 daAuts
